Map: Светотень РВ

Players

ИИ 1 (эксперт) - Winner!

  • Race: Protoss Protoss

GeNieS

  • Race: Protoss Protoss
  • League: Grandmaster

VOD

Have the link to the VOD?

Description

Time

  • Played on: May 21, 2021, 12:34 p.m.
  • Length: 5:35
Show
View Real Time Build Order
Export as new Build Order

ИИ 1 (эксперт) Protoss - Winner!

Build Orders:  

Get SALT Encoding   

  12  0:00  Probe  
  13  0:13  Probe  
  14  0:19  Pylon  
  14  0:25  Probe  
  15  0:33  Probe  
  15  0:41  Probe  
  16  0:47  Assimilator  
  17  0:51  Probe, Gateway  
  18  0:59  Probe  
  18  1:00  Pylon  
  19  1:07  Probe  
  19  1:18  Probe  
  21  1:37  Gateway  
  21  1:39  Probe, Zealot  
  24  1:42  Cybernetics Core  
  24  1:48  Pylon  
  24  1:51  Probe  
  25  1:57  Zealot  
  25  2:03  Probe  
  28  2:10  Warp Gate  
  28  2:11  Assimilator  
  28  2:15  Probe  
  29  2:23  Adept  
  29  2:26  Adept  
  29  2:27  Probe  
  33  2:39  Probe  
  33  2:40  Pylon  
  34  2:51  Probe  
  34  2:53  Adept  
  34  2:56  Sentry  
  39  3:03  Probe  
  40  3:15  Probe  
  40  3:18  Nexus  
  41  3:28  Probe, Stalker  
  44  3:40  Probe  
  44  3:47  Gateway  
  44  3:52  Probe  
  45  3:58  Adept  
  45  4:00  Pylon  
  47  4:14  Probe  
  47  4:18  Adept x2  
  47  4:22  Probe  
  52  4:29  Probe  
  54  4:34  Probe  
  54  4:36  Adept  
  53  4:39  Stalker  
  53  4:41  Probe  
  53  4:45  Stalker  
  52  4:46  Probe  
  52  4:50  Zealot  
  51  4:53  Probe  
  51  4:58  Probe  
  47  5:02  Adept  
  47  5:03  Twilight Council  
  42  5:08  Sentry  
  42  5:11  Stalker  
  35  5:31  Zealot  
Show
View Real Time Build Order
Export as new Build Order

GeNieS Protoss 

Build Orders: Blink Stalkers 

Get SALT Encoding   

  12  0:00  Probe  
  13  0:12  Probe  
  14  0:17  Pylon  
  14  0:24  Probe (Chrono Boost)  
  15  0:37  Probe (Chrono Boost)  
  15  0:39  Gateway  
  16  0:44  Probe (Chrono Boost)  
  16  0:48  Assimilator  
  17  0:51  Probe  
  17  0:54  Assimilator  
  18  1:03  Probe (Chrono Boost)  
  19  1:07  Gateway  
  19  1:14  Probe (Chrono Boost)  
  20  1:18  Probe (Chrono Boost)  
  21  1:26  Cybernetics Core  
  21  1:29  Probe  
  22  1:37  Pylon  
  22  1:41  Probe  
  23  2:02  Warp Gate, Stalker  
  23  2:03  Stalker  
  27  2:10  Twilight Council  
  27  2:32  Stalker  
  27  2:33  Stalker  
  31  2:42  Pylon  
  31  2:45  Blink (Chrono Boost)  
  31  2:46  Shield Battery  
  31  3:09  Stalker x2  
  35  3:30  Nexus  
  35  3:40  Pylon  
  35  3:50  Stalker x2  
  39  4:00  Gateway  
  39  4:14  Stalker x2  
  43  4:18  Probe  
  44  4:30  Probe  
  43  4:42  Probe  
  44  4:54  Stalker x2  
  46  5:05  Probe x2  
  46  5:17  Probe x2  
  48  5:23  Stalker x2  
  48  5:24  Stalker  
Tags
 
Add a new tag
Caveats
  • Supply blocks, unpowered buildings, or Contaminate may cause inaccurate times.
  • Supply counts are checked every 10 seconds.